 Dungeon Crawl Stone Soup version 0.30-a0-12-gd8047c6341 (webtiles) character file.

Game seed: 14603081759386549540

116 SensoryNuts the Chopper (level 5, -2/46 HPs)
             Began as a Hill Orc Fighter on Aug 24, 2022.
             Succumbed to an adder's poison
             ... on level 3 of the Dungeon.
             The game lasted 00:02:07 (2374 turns).

SensoryNuts the Chopper (Hill Orc Fighter)          Turns: 2374, Time: 00:02:07

Health: -2/46      AC:  8    Str: 19    XL:     5   Next: 0%
Magic:  5/5        EV:  9    Int:  8    God:
Gold:   125        SH:  4    Dex: 12    Spells: 4/4 levels left

rFire   . . .      SeeInvis .    a - +0 war axe
rCold   . . .      Faith    .    c - +0 buckler
rNeg    . . .      Spirit   .    b - +0 scale mail
rPois   .          Reflect  .    k - +0 helmet
rElec   .          Harm     .    (no cloak)
rCorr   .          Rampage  .    (no gloves)
Will    .....                    (no boots)
Stlth   ..........               (no amulet)
HPRegen 0.15/turn                (no ring)
MPRegen 0.09/turn                (no ring)

@: mighty, lethally poisoned (-2 -> -9)
A: no striking features
a: no special abilities


You were on level 3 of the Dungeon.
You visited 1 branch of the dungeon, and saw 3 of its levels.

You collected 125 gold pieces.

Inventory:

Hand Weapons
 a - a +0 war axe (weapon)
Armour
 b - a +0 scale mail (worn)
 c - a +0 buckler (worn)
 k - a +0 helmet (worn)
Jewellery
 l - an amulet of regeneration
Wands
 h - a wand of light (7)
Scrolls
 f - a scroll of identify
 j - a scroll of teleportation
Potions
 e - a potion of heal wounds {unknown}
 g - 2 potions of lignification
 i - a potion of degeneration


   Skills:
 + Level 4.0 Fighting
 * Level 4.9 Axes
 + Level 4.1 Armour
 + Level 0.4 Dodging
 + Level 3.7 Shields


You had 4 spell levels left.
You didn't know any spells.
Your spell library contained the following spells:

 Spells                   Type           Power      Damage    Failure   Level
 Apportation              Tloc           0%         N/A       86%         1
 Alistair's Intoxication  Tmut/Pois      0%         N/A       100%        5


Dungeon Overview and Level Annotations

Branches:
Dungeon (3/15)

Altars:
Cheibriados
Sif Muna
Vehumet

Shops:
D:1 [   D:3 [


Message History

You are too injured to fight recklessly!
You are too injured to fight recklessly!
You are too injured to fight recklessly!
You are too injured to fight recklessly!
You are too injured to fight recklessly!
You are too injured to fight recklessly!
Unknown command.
You feel sick. The adder bites you but does no damage.
Found a whip.
You feel sick. The adder bites you.
You closely miss the adder.
The adder is heavily wounded.
You feel sick. The adder bites you.
* * * LOW HITPOINT WARNING * * *
You block the adder's attack.
You barely miss the adder.
The adder is heavily wounded.
You feel sick. The adder bites you but does no damage.
You closely miss the adder.
The adder is heavily wounded.
You feel sick. The adder bites you.
* * * LOW HITPOINT WARNING * * *
The adder bites you.
* * * LOW HITPOINT WARNING * * *
You closely miss the adder.
The adder is heavily wounded.
You feel sick.
You are no longer poisoned.
The adder bites you.
* * * LOW HITPOINT WARNING * * *
You are lethally poisoned!
The adder poisons you! The adder barely misses you.
You feel very mighty all of a sudden.
* * * LOW HITPOINT WARNING * * *
You feel sick. The adder bites you.
* * * LOW HITPOINT WARNING * * *
You are more poisoned.
The adder poisons you!
You slash the adder!
You kill the adder!
You die...

.....)......# ............#
.....(......# ............#
............# ............#
...........# # ........
.......@...# .#
....................##.#
....................#..##
........................#
...................)#...#
....................#..>###
..........................$
....................#.....$
........................#.$


There were no monsters in sight!

Vanquished Creatures
  5 adders
  4 dart slugs
  An orc (D:3)
  6 ball pythons
  4 endoplasms
  A giant cockroach (D:2)
  7 goblins
  11 hobgoblins
  7 jackals
  A quokka (D:1)
  4 bats
  2 frilled lizards
  5 kobolds
  7 rats
65 creatures vanquished.

Notes
Turn   | Place    | Note
-------+----------+-------------------------------------------
     0 | D:1      | SensoryNuts the Hill Orc Fighter began the quest for the
                  | Orb.
     0 | D:1      | Reached XP level 1. HP: 19/19 MP: 1/1
   133 | D:1      | Reached XP level 2. HP: 24/27 MP: 2/2
   226 | D:1      | Found Tuyvuoxt's Antique Armour Emporium.
   375 | D:1      | Found a faded altar of an unknown god.
   650 | D:1      | Reached XP level 3. HP: 27/33 MP: 3/3
  1294 | D:2      | Reached XP level 4. HP: 40/40 MP: 4/4
  1482 | D:2      | Found a radiant altar of Vehumet.
  2216 | D:3      | Found a shimmering blue altar of Sif Muna.
  2241 | D:3      | Found Raome's Armour Shoppe.
  2272 | D:3      | Found a snail-covered altar of Cheibriados.
  2358 | D:3      | Reached XP level 5. HP: 36/46 MP: 5/5
  2373 | D:3      | HP: 1/46 [adder (2)]
  2374 | D:3      | Succumbed to an adder's poison

Illustrated notes

Levels and vault maps discovered:
D:1:      mainiacjoe_arrival_reflecting_pool, layout_basic,
          shapermc_ecumenical_altar_hornbeckon, serial_shops, shop
D:2:      layout_loops_ring, basic_altar
D:3:      layout_basic, mainiacjoe_overflow_paths,
          mainiacjoe_overflow_cross_hatched, nicolae_gozag_seed_capital,
          serial_shops, shop, wad_floor_pattern_2

Skill      XL: |  1  2  3  4 |
---------------+-------------+-----
Axes           | 3 4 |  4.9
Fighting       | 4 |  4.0
Armour         | 4 |  4.1
Dodging        | |  0.4
Shields        | |  3.7

Action                   |  1- 3 |  4- 6 || total
-------------------------+-------+-------++-------
Melee: War axe           |    88 |    83 ||   171
  Use: Scroll            |       |     3 ||     3
       Potion            |       |     2 ||     2
Armor: Scale mail        |    34 |    38 ||    72
Dodge: Dodged            |    38 |    37 ||    75
Block: Buckler           |    25 |    17 ||    42

Table legend: (Time is in decaauts)
 A = Elapsed time spent in this place.
 B = Non-inter-level travel time spent in this place.
 C = Inter-level travel time spent in this place.
 D = Time resting spent in this place.
 E = Time spent auto-exploring this place.
 F = Levels seen in this place.
 G = Mean time per level.
                   A        B        C        D        E       F      G
               +--------+--------+--------+--------+--------+-----+--------+
         Total |   2437 |   2384 |     53 |      0 |   1949 |   3 |  812.3 |
       Dungeon |   2437 |   2384 |     53 |      0 |   1949 |   3 |  812.3 |
               +--------+--------+--------+--------+--------+-----+--------+

Top non-repeatable levels by time:
     D:1: 1138 daAuts
     D:2: 1038 daAuts
     D:3: 260 daAuts
